cohdb
Replays
Latest Replays
All Replays
Popular Replays
Top Player Replays
Match Explorer
How It Works
Community
CoH3 Stats
Reddit
Sign in to upload your games and track your stats! →
Sign in with Steam
Match 41387233
Unlisted
Match 41387233
Overview
Messages
Build Orders
End
Construct Infanterie Kompanie
Pioneer Squad
Selects Italian Coastal Battlegroup
Selects Coastal Reserves
MG 42 Machine Gun Team
Grenadier Squad
Grenadier Squad
Selects Artillery Officer
Artillery Officer
Construct Panzergrenadier Kompanie
Pak 40 Anti-tank Gun Team
251 Medium Carrier
Pak 40 Anti-tank Gun Team
Construct Panzer Kompanie
Stoßtruppen Squad
Selects Obice da 210/22 Artillery Emplacement
Selects Designate Defensive Line
Stoßtruppen Squad
Selects Designated Artillery Overwatch
Sturmpanzer IV Brummbär
Coastal Reserve
Selects Bulwark
Panzer IV Medium Tank
KoMoDЫ4
Cyric Deadsoul
SnooP
Hauptmann GLIST
Arturia The 'Virtuosa'
ninjawan
쏘우세지
The sexy Ginger
0
0
Comments
sign in to comment!
No comments posted yet!